AoeStats
← Pwncakes

Lombardia

507359072Analyzed
4v4 RM · 14d ago on Sep 17, 2026· 43m 36s· 8 players
Game mode
Random Map
Map size
Large (8 player)
Population
200
Speed
Normal
Resources
Standard
Victory
Conquest
Starting age
Dark Age
Ending age
Imperial Age
RankedLock teamsTeams togetherTeam positionsShared explorationLock speedFull tech treeHidden civsTurbo modeCheats
Victory
Defeat
🇮🇳 Spanish · India
1357
+14
🇺🇸 Mapuche · United States
1337
+15
🇻🇳 Japanese · Vietnam
1303
+17
🇪🇸 Poles · Spain
1282
+19
🇨🇱 Persians · Chile
1346
-17
🇹🇷 Tatars · Türkiye
1317
-16
🇸🇪 Dravidians · Sweden
1311
-16
🇨🇱 Bohemians · Chile
1308
-16
Jardel
5:38 Loom
10:03 Feudal Age
17:29 Castle Age
16:01 Double-Bit Axe
19:01 Fletching
19:24 Crossbowman
22:36 Bodkin Arrow
23:07 Horse Collar
32:21 Wheelbarrow
34:51 Town Watch
35:44 Husbandry
39:48 Imperial Age
37:28 Thumb Ring
39:28 Padded Archer Armor
40:40 Bracer
Marsman3354
8:53 Loom
11:04 Feudal Age
15:55 Castle Age
13:53 Horse Collar
14:00 Double-Bit Axe
16:14 Bloodlines
19:51 Bow Saw
24:01 Stone Mining
25:40 Wheelbarrow
26:35 Husbandry
27:13 Hand Cart
27:51 Forging
29:04 Scale Barding Armor
30:26 Heavy Plow
34:49 Imperial Age
34:10 Iron Casting
33:56 Chain Barding Armor
34:05 Fletching
34:16 Padded Archer Armor
34:43 Ballistics
34:34 Masonry
35:08 Heavy Cavalry Archer
35:49 Bodkin Arrow
37:32 Bracer
38:20 Conscription
38:20 Leather Archer Armor
37:35 Light Cavalry
40:08 Plate Barding Armor
39:27 Capped Ram
41:34 Ring Archer Armor
42:05 Blast Furnace
Thanos_Car
7:34 Loom
10:08 Feudal Age
11:00 Double-Bit Axe
11:05 Horse Collar
17:21 Castle Age
17:30 Wheelbarrow
17:16 Town Watch
18:29 Bow Saw
18:44 Heavy Plow
20:27 Fervor
23:27 Town Watch
25:05 Hand Cart
32:39 Imperial Age
32:02 Chemistry
33:22 Padded Archer Armor
33:41 Hussite Reforms
33:30 Houfnice
34:42 Block Printing
35:46 Redemption
37:23 Leather Archer Armor
38:28 Theocracy
38:19 Illumination
38:16 Sanctity
43:52 Bombard Tower
43:39 Siege Engineers
Gabito
9:40 Feudal Age
12:22 Loom
15:08 Castle Age
13:20 Gold Mining
13:56 Scale Barding Armor
14:29 Double-Bit Axe
15:08 Bloodlines
20:10 Wheelbarrow
22:06 Fervor
25:13 Forging
25:46 Husbandry
26:15 Hand Cart
25:44 Horse Collar
29:03 Chain Barding Armor
28:34 Town Watch
31:31 Imperial Age
30:35 Iron Casting
30:52 Bow Saw
31:10 Cavalier
33:52 Plate Barding Armor
34:30 Blast Furnace
35:50 Heavy Plow
35:13 Savar
37:37 Two-Man Saw
36:54 Caravan
39:54 Fletching
39:58 Light Cavalry
40:53 Bodkin Arrow
41:22 Ballistics
esoneplus
4:41 Loom
10:40 Feudal Age
13:36 Double-Bit Axe
13:35 Horse Collar
20:30 Castle Age
20:10 Scale Mail Armor
23:22 Wheelbarrow
22:30 Pikeman
23:11 Squires
22:57 Arson
23:11 Gold Mining
23:12 Stone Mining
23:35 Bow Saw
26:24 Forging
30:53 Heavy Plow
33:54 Imperial Age
31:44 Town Watch
32:15 Hand Cart
32:54 Szlachta Privileges
33:20 Fletching
34:37 Iron Casting
34:17 Chain Mail Armor
34:08 Scale Barding Armor
35:38 Crop Rotation
35:16 Caravan
36:14 Conscription
35:43 Capped Ram
37:13 Stone Shaft Mining
36:38 Siege Ram
38:11 Bloodlines
38:02 Husbandry
37:22 Light Cavalry
38:51 Coinage
39:03 Town Patrol
40:32 Winged Hussar
Pwncakes
10:40 Feudal Age
14:44 Castle Age
13:13 Double-Bit Axe
14:57 Horse Collar
15:44 Bow Saw
17:16 Heavy Plow
19:17 Wheelbarrow
20:58 Loom
21:59 Fletching
24:26 Gold Mining
28:40 Imperial Age
27:03 Stone Mining
27:23 Treadmill Crane
28:16 Ballistics
28:25 Ballistics
29:05 Hand Cart
29:26 Bodkin Arrow
30:33 Chemistry
29:11 Elite Bolas Rider
30:56 Padded Archer Armor
32:09 Chemistry
31:21 Masonry
32:01 Crop Rotation
33:36 Leather Archer Armor
33:22 Malon
33:45 Conscription
33:40 Butalmapu
33:56 Conscription
33:38 Malon
36:42 Ring Archer Armor
35:33 Elite Kona
41:46 Masonry
41:41 Siege Engineers
41:40 Champi Runner
42:21 Scale Mail Armor
42:31 Forging
43:01 Hoardings
42:17 Champi Warrior
42:43 Arson
42:58 Elite Champi Warrior
43:54 Chain Mail Armor
44:27 Iron Casting
XxBuzzXx
6:50 Loom
9:56 Feudal Age
10:37 Double-Bit Axe
10:37 Horse Collar
18:48 Castle Age
21:02 Bow Saw
28:39 Bloodlines
28:29 Husbandry
29:47 Wheelbarrow
29:31 Padded Archer Armor
31:01 Fletching
37:36 Imperial Age
35:22 Hand Cart
35:43 Town Watch
36:31 Bodkin Arrow
36:46 Gold Mining
37:57 Ballistics
38:02 Stone Mining
37:41 Elite Conquistador
38:40 Leather Archer Armor
39:32 Conscription
ost.nostalgia
7:33 Loom
10:21 Feudal Age
11:07 Double-Bit Axe
11:02 Horse Collar
15:20 Town Watch
18:17 Castle Age
16:43 Stone Mining
19:12 Bow Saw
19:03 Heavy Plow
24:11 Pikeman
25:52 Wheelbarrow
25:03 Town Watch
25:44 Squires
25:49 Scale Mail Armor
26:29 Gold Mining
28:08 Chain Mail Armor
27:43 Arson
29:18 Hand Cart
29:42 Gold Shaft Mining
34:06 Imperial Age
32:27 Forging
34:27 Elite Samurai
34:57 Halberdier
36:09 Plate Mail Armor
36:15 Iron Casting
36:27 Conscription
37:03 Fletching
41:33 Treadmill Crane
42:03 Masonry
42:15 Ballistics
41:46 Guard Tower
44:35 Blast Furnace
Connection lost

Rejoining the realm…

Still unreachable

The connection could not be restored.

Session expired

The server has moved on; the page needs a fresh start.